 Dungeon Crawl Stone Soup version 0.28.0-47-ge53b351184 (webtiles) character file.

Game seed: 8521092680521149185

1541 hawla the Arsonist (level 8, -3/31 HPs)
             Began as a Felid Fire Elementalist on May 10, 2022.
             Was a Follower of Vehumet.
             Slain by Harold
             ... wielding a +0 short sword
              (22 damage)
             ... on level 7 of the Dungeon.
             The game lasted 00:28:17 (9497 turns).

hawla the Arsonist (Felid Fire Elementalist)        Turns: 9497, Time: 00:28:18

Health: -3/31      AC:  2    Str:  4    XL:     8   Next: 56%
Magic:  14/14      EV: 18    Int: 18    God:    Vehumet [*.....]
Gold:   233        SH:  0    Dex: 17    Spells: 7/14 levels left
                                        Lives:  0   Deaths: 2

rFire   . . .      SeeInvis +   (weapon unavailable)
rCold   . . .      Faith    .   (shield unavailable)
rNeg    . . .      Spirit   .   (armour unavailable)
rPois   .          Reflect  .   (helmet unavailable)
rElec   .          Harm     .   (cloak unavailable)
rCorr   .          Rampage  .   (gloves unavailable)
Will    +....                   (boots unavailable)
Stlth   +.........              a - amulet of the acrobat
HPRegen 0.90/turn               (no ring)
MPRegen 0.14/turn               (no ring)

@: confused, ambrosia-drunk, quick
A: very small, claws 1, fangs 3, see invisible, speed 1, shaggy fur 2, stealthy
paws, no weapons or thrown items, no armour, multi-lived, antennae 1,
regeneration 1, MP-powered wands
a: Renounce Religion


You were on level 7 of the Dungeon.
You worshipped Vehumet.
Vehumet was aware of your devotion.
You visited 2 branches of the dungeon, and saw 8 of its levels.

You collected 233 gold pieces.

Inventory:

Jewellery
 a - an amulet of the acrobat (around neck)
 o - an amulet of guardian spirit
Wands
 b - a wand of mindburst (5)
 c - a wand of charming (15)
 j - a wand of paralysis (4)
 k - a wand of flame (14)
 m - a wand of polymorph (6)
Scrolls
 e - a scroll of identify
 h - a scroll of magic mapping
 i - 2 scrolls of teleportation
 p - 2 scrolls of fear {unknown}
 q - a scroll of amnesia {unknown}
 r - a scroll of immolation {unknown}
Potions
 d - 4 potions of flight
 f - 2 potions of berserk rage
 g - a potion of brilliance


   Skills:
 * Level 0.9 Fighting
 + Level 3.3 Dodging
 + Level 3.7 Stealth
 + Level 0.3 Unarmed Combat
 + Level 3.9 Spellcasting
 + Level 5.8 Conjurations
 + Level 9.1 Fire Magic


You had 7 spell levels left.
You knew the following spells:

 Your Spells              Type           Power      Damage    Failure   Level
a - Foxfire               Conj/Fire      100%       2x1d9     1%          1
b - Scorch                Fire           72%        2d9       1%          2
c - Flame Wave            Conj/Fire      30%        2d8       7%          4

Your spell library contained the following spells:

 Spells                   Type           Power      Damage    Failure   Level
 Freeze                   Ice            12%        1d4       16%         1
 Conjure Flame            Conj/Fire      30%        6-21      1%          3
 Inner Flame              Hex/Fire       20%        N/A       7%          3
 Apportation              Tloc           6%         N/A       16%         1
 Corpse Rot               Necr/Air       6%         N/A       22%         2
 Sublimation of Blood     Necr           3%         N/A       22%         2
 Wereblood                Tmut           3%         N/A       22%         2
 Olgreb's Toxic Radiance  Pois           3%         N/A       83%         4
 Agony                    Necr           3%         N/A       99%         5
 Alistair's Intoxication  Tmut/Pois      2%         N/A       99%         5
 Haunt                    Necr/Summ      1%         N/A       100%        7
 Ozocubu's Refrigeration  Ice            1%         4d5       100%        7
 Summon Hydra             Summ           1%         N/A       100%        7
 Ignition                 Fire           18%        3d7       100%        8


Dungeon Overview and Level Annotations

Branches:
Dungeon (7/15)             Temple (1/1) D:5

Altars:
Ashenzari
Cheibriados
Dithmenos
Elyvilon
Fedhas
Gozag
Hepliaklqana
Kikubaaqudgha
Makhleb
Nemelex Xobeh
Okawaru
Qazlal
Ru
Sif Muna
Trog
Uskayaw
Vehumet
Wu Jian
Xom
Yredelemnul
Zin
The Shining One

Annotations:
D:4 1 runed translucent door, dig the scroll, Dowan; Duvessa; thiscave3701365's ghost, amateur MiBe
D:7 Harold


Innate Abilities, Weirdness & Mutations

You have sharp claws.
You have razor-sharp teeth.
You have supernaturally acute eyesight. (SInv)
You cover ground quickly. (Speed+)
You are covered in thick fur. (AC +2)
Your paws help you pounce on unaware monsters.
You are incapable of wielding weapons or throwing items.
You cannot wear armour.
You gain extra lives every three experience levels.
You have a pair of small antennae on your head.
Your natural rate of healing is unusually fast.
You expend magic power (3 MP) to strengthen your wands.


Message History

Harold says, "I was hoping my final job would be more of a challenge, but money is money."
Casting: Foxfire (safe; 1% risk of failure)
Confirm with . or Enter, or press ? or * to list all spells.
You conjure some foxfire!
The foxfire hits Harold.
Harold is lightly wounded.
The foxfire hits Harold.
Harold is lightly wounded.
Casting: Foxfire (safe; 1% risk of failure)
Confirm with . or Enter, or press ? or * to list all spells.
You conjure some foxfire!
Harold drinks a potion.
Harold seems to grow stronger.
Casting: Foxfire (safe; 1% risk of failure)
Confirm with . or Enter, or press ? or * to list all spells.
Flames lash Harold but do no damage.
The foxfire hits Harold.
Harold is lightly wounded.
The foxfire hits Harold but does no damage.
Harold is lightly wounded.
The foxfire hits Harold.
Harold is moderately wounded.
The foxfire hits Harold.
Harold is moderately wounded.
Casting: Scorch (safe; 1% risk of failure)
Confirm with . or Enter, or press ? or * to list all spells.
You conjure some foxfire!
The foxfire hits Harold.
Harold is moderately wounded.
Harold hits you with a +0 short sword!!
Ouch! That really hurt!
* * * LOW HITPOINT WARNING * * *
Okay, then.
You are confused.
You feel invigorated.
The foxfire hits Harold.
Harold is moderately wounded.
The foxfire hits Harold but does no damage.
Harold is moderately wounded.
Harold barely misses you.
Harold zaps a wand.
The bolt of acid misses you.
You bump into the rock wall.
You bump into the rock wall.
Harold hits you with a +0 short sword!!
Ouch! That really hurt!
You die...

#.# #.# #)#####.#
#.# #.# #.# #.# #.#
#.# #.# #.#
#.###.######.# #.#
#.........##.#####.#
#####.###..........#
#.# ####.#####.##
#.#### #.####...#
####....# #@@.......
#)......# #..###...#
#<#####.# #..# # ###
#.# #.# #..#
..####.#####.# #..#
#.#..........# #..#
#.#.##[#####.###..#
#.#.##.###........#
†..........#.####.#


You could see Harold (strong).

Vanquished Creatures
  A troll (D:6)
  Sigmund (D:3)
  A wyvern (D:4)
  A yak (D:6)
  2 water moccasins
  An orc warrior (D:6)
  2 black bears
  A necrophage (D:4)
  2 ogres
  A centaur (D:7)
  A phantom (D:7)
  A kobold brigand (D:6)
  3 bullfrogs (D:7)
  A howler monkey (D:6)
  A jelly (D:6)
  A hound (D:6)
  A bullfrog skeleton (D:6)
  4 orc priests
  An iguana (D:6)
  2 orc wizards (D:4)
  A howler monkey zombie (D:7)
  9 adders
  2 white imps
  An ufetubus (D:6)
  A worm (D:2)
  A dart slug (D:1)
  8 orcs
  2 ball pythons
  7 endoplasms
  7 giant cockroaches
  9 hobgoblins
  4 jackals (D:2)
  6 quokkas
  7 bats
  6 frilled lizards
  9 goblins
  13 kobolds
  4 rats
126 creatures vanquished.

Vanquished Creatures (others)
  259 foxfires
259 creatures vanquished.

Grand Total: 385 creatures vanquished

Notes
Turn   | Place    | Note
-------+----------+-------------------------------------------
     0 | D:1      | hawla the Felid Fire Elementalist began the quest for the
                  | Orb.
     0 | D:1      | Reached XP level 1. HP: 7/7 MP: 4/4
    77 | D:1      | Reached skill level 1 in Conjurations
   112 | D:1      | Found a faded altar of an unknown god.
   209 | D:1      | Reached XP level 2. HP: 11/11 MP: 3/6
   257 | D:1      | Reached skill level 3 in Fire Magic
   301 | D:1      | Learned a level 2 spell: Scorch
  1147 | D:1      | Reached XP level 3. HP: 14/14 MP: 3/7
  1321 | D:2      | Gained mutation: Your natural rate of healing is unusually
                  | fast. [potion of mutation]
  1321 | D:2      | Gained mutation: You have hidden genetic potential. [potion
                  | of mutation]
  2361 | D:2      | Reached XP level 4. HP: 18/18 MP: 4/9
  2492 | D:2      | Gained mutation: You expend magic power (3 MP) to
                  | strengthen your wands. [hidden potential]
  3380 | D:3      | Noticed Sigmund
  3389 | D:3      | Killed Sigmund
  3390 | D:3      | Reached skill level 4 in Fire Magic
  3390 | D:3      | Reached XP level 5. HP: 21/21 MP: 1/11
  3399 | D:3      | Gained mutation: You have a pair of small antennae on your
                  | head. [hidden potential]
  3399 | D:3      | Lost mutation: You have hidden genetic potential. [hidden
                  | potential expressed]
  3769 | D:4      | Learned a level 4 spell: Flame Wave
  3776 | D:4      | Found a runed translucent door.
  3776 | D:4      | Noticed thiscave3701365's ghost (amateur MiBe)
  4002 | D:4      | Found a glowing golden altar of the Shining One.
  4075 | D:4      | Gained mutation: You are covered in thick fur. (AC +2)
                  | [Felid growth]
  4075 | D:4      | Reached XP level 6. HP: 24/24 MP: 6/12
  4317 | D:4      | Reached skill level 5 in Fire Magic
  4548 | D:4      | Noticed Dowan
  4549 | D:4      | Noticed Duvessa
  5470 | D:4      | Reached XP level 7. HP: 27/27 MP: 6/13
  5814 | D:4      | Noticed a wyvern
  5865 | D:4      | Killed a wyvern
  5866 | D:4      | Reached skill level 6 in Fire Magic
  6089 | D:5      | Entered Level 5 of the Dungeon
  6352 | D:5      | Found a staircase to the Ecumenical Temple.
  6366 | Temple   | Entered the Ecumenical Temple
  6880 | Temple   | Became a worshipper of Vehumet
  7074 | D:5      | Reached XP level 8. HP: 31/31 MP: 9/14
  7319 | D:6      | Slain by an orc warrior
  7320 | D:6      | Reached XP level 7. HP: -4/27 MP: 1/13
  7320 | D:6      | Reached skill level 7 in Fire Magic
  7363 | D:6      | Mangled by an orc warrior
  7364 | D:6      | Reached XP level 6. HP: -6/24 MP: 1/12
  7571 | D:6      | Killed an orc warrior
  7739 | D:6      | Got the Almanac of Unholy Magic
  7826 | D:6      | Reached XP level 7. HP: 27/27 MP: 9/13
  7830 | D:6      | Noticed a troll
  7866 | D:6      | Killed a troll
  7867 | D:6      | Reached skill level 5 in Conjurations
  7867 | D:6      | Reached skill level 8 in Fire Magic
  8009 | D:6      | Reached * piety under Vehumet
  8009 | D:6      | Offered knowledge of Freeze by Vehumet.
  8021 | D:6      | Noticed a yak
  8044 | D:6      | Killed a yak
  8312 | D:6      | Reached XP level 8. HP: 31/31 MP: 10/14
  8836 | D:7      | Identified a scroll of acquirement
  8837 | D:7      | Acquired the Unrestrained Analects
  8867 | D:7      | Noticed Harold
  9237 | D:7      | Reached skill level 9 in Fire Magic
  9245 | D:7      | Identified the +4 cloak of the Orcish Mines {*Slow Fly
                  | rPois rF++}
  9493 | D:7      | HP: 1/31 [Harold/+0 short sword (30)]
  9497 | D:7      | Slain by Harold

Illustrated notes

Levels and vault maps discovered:
D:1:      dpeg_arrival_short_road, layout_loops_ring,
          hellmonk_ecumenical_altar_inner_sanctum
D:2:      layout_loops_corners, hangedman_abyss_or_decor_stabs
D:3:      layout_basic, uniq_sigmund
D:4:      minmay_door_path, layout_basic, tso_oasis_becter,
          gammafunk_ghost_grave, minmay_surrounded, uniq_duvessa
D:5:      layout_rooms, minmay_temple_entry_mist, moated_statue
D:6:      layout_layer_cave, minmay_manual_monstrance
D:7:      layout_loops_ring, uniq_harold
Temple:   mainiacjoe_temple_starburst

Skill      XL: |  1  2  3  4  5  6  7  8 |
---------------+-------------------------+-----
Conjurations   | 1 3 5 |  5.8
Fire Magic     | 3 4 5 8 9 |  9.1
Stealth        | 3 |  3.7
Dodging        | 3 |  3.3
Spellcasting   | 3 |  3.9
Fighting       | |  0.9
Unarmed Combat | |  0.3

Action                   |  1- 3 |  4- 6 |  7- 9 || total
-------------------------+-------+-------+-------++-------
Melee: Unarmed           |     8 |    16 |    20 ||    44
       Bite              |       |     1 |     3 ||     4
       Punch             |       |       |     1 ||     1
 Cast: Foxfire           |    45 |    49 |    64 ||   158
       Scorch            |    28 |    32 |    42 ||   102
       Flame Wave        |       |       |     4 ||     4
Evoke: Wand              |       |     1 |     3 ||     4
  Use: Scroll            |     2 |     5 |     6 ||    13
       Potion            |     1 |       |     2 ||     3
 Stab: Paralysed         |       |       |     4 ||     4
Armor: Skin              |     3 |     1 |     4 ||     8
Dodge: Dodged            |    40 |    38 |    67 ||   145
